 Dungeon Crawl Stone Soup version 0.22-a0-603-gfc1114d (webtiles) character file.

7 sking99 the Ruffian (level 1, -1/16 HPs)
             Began as a Draconian Transmuter on July 7, 2018.
             Slain by a kobold
             ... wielding a +0 whip
              (7 damage)
             ... on level 1 of the Dungeon.
             The game lasted 00:00:45 (491 turns).

sking99 the Ruffian (Draconian Transmuter)           Turns: 491, Time: 00:00:46

Health: -1/16      AC:  4    Str: 12    XL:     1   Next: 91%
Magic:  3/3        EV: 12    Int: 13    God:
Gold:   31         SH:  0    Dex: 11    Spells: 3/4 levels left

rFire    . . .     SeeInvis .     - Unarmed
rCold    . . .     Gourm    .   (no shield)
rNeg     . . .     Faith    .   (armour unavailable)
rPois    .         Spirit   .   (helmet restricted)
rElec    .         Reflect  .   (no cloak)
rCorr    .         Harm     .   (no gloves)
MR       .....                  (no boots)
Stlth    +.........             (no amulet)
HPRegen  0.05/turn              (no ring)
MPRegen  0.08/turn              (no ring)

@: no status effects
A: unfitting armour, cold-blooded, AC +4
a: no special abilities


You were on level 1 of the Dungeon.
You were not hungry.

You visited 1 branch of the dungeon, and saw 1 of its levels.

You collected 31 gold pieces.

Inventory:

Missiles
 a - 32 arrows
Jewellery
 d - an uncursed ring of protection from magic {unknown}
Scrolls
 b - a scroll of enchant armour {unknown}
 f - a scroll of identify {unknown}
Potions
 e - a potion of degeneration {unknown}
Comestibles
 c - a ration
 g - 2 chunks of flesh


   Skills:
 + Level 1.5 Fighting
 - Level 1.7 Dodging
 * Level 3.3 Unarmed Combat
 - Level 2.0 Spellcasting
 - Level 2.0 Transmutations


You had 3 spell levels left.
You knew the following spells:

 Your Spells              Type           Power        Failure   Level  Hunger
a - Beastly Appendage     Tmut           #.....       11%         1    ##.....

Your spell library contained the following spells:

 Spells                   Type           Power        Failure   Level  Hunger
 Spider Form              Tmut/Pois      #.........   45%         3    ####...
 Blade Hands              Tmut           #.........   97%         5    ######.
 Ice Form                 Ice/Tmut       #.......     86%         4    #####..
 Sticks to Snakes         Tmut           #.......     17%         2    ###....


Dungeon Overview and Level Annotations

Branches:
Dungeon (1/15)

Altars:


Innate Abilities, Weirdness & Mutations

Your plain brown scales are hard. (AC +4)
You cannot fit into any form of body armour.
You are cold-blooded and may be slowed by cold attacks.


Message History

The kobold hits you but does no damage.
You hit the kobold but do no damage. Your punch misses the kobold.
The kobold hits you with a whip.
You barely miss the kobold. The kobold hits you with a whip.
You closely miss the kobold. You tail-slap the kobold.
The kobold is moderately wounded.
The kobold closely misses you.
You closely miss the kobold.
The kobold is moderately wounded.
The kobold hits you with a whip.
You are too injured to fight recklessly!
You are too injured to fight recklessly!
You are too injured to fight recklessly!
You closely miss the kobold.
The kobold is moderately wounded.
The kobold hits you but does no damage.
You closely miss the kobold.
The kobold is moderately wounded.
The kobold hits you with a whip!
You die...

#.#........
#.#.#######
#################..
#.......#..........
#.#####.#.#####....
#.#...#.#.#...##...
#...#.#.#...#.##...
#.#####.#.#####.##...
#..K@...#....[..##...
###################.#
#.....########.#
#..............#
#.....##########
#....(# #.....#
#######


You could see a kobold.

Vanquished Creatures
  A giant cockroach (D:1)
  2 goblins (D:1)
  2 hobgoblins (D:1)
  2 rats (D:1)
7 creatures vanquished.

Notes
Turn   | Place    | Note
-------+----------+-------------------------------------------
     0 | D:1      | sking99 the Draconian Transmuter began the quest for the Orb.
     0 | D:1      | Reached XP level 1. HP: 16/16 MP: 3/3
   491 | D:1      | Slain by a kobold

Vault maps used:
D:1:      sevenhm_arrival_forest_fort_small_6, patterned_corridor

Action                   || total
-------------------------++-------
Melee: Unarmed           ||    33
       Tailslap          ||     5
 Cast: Beastly Appendage ||     1
Armor: Skin              ||     5
Dodge: Dodged            ||    17

Table legend:
 A = Spawn XP
 B = Non-spawn XP
 C = Spawn XP percentage of total XP
 D = Spawn monster count
 E = Non-spawn monster count
 F = Spawn count percentage of total count
 G = Total turns spent on level
                    A         B        C        D         E        F      G
               +---------+---------+-------+---------+---------+-------+---------
         Total |       0 |      11 |   0.0 |       0 |       7 |   0.0 |   491
               +---------+---------+-------+---------+---------+-------+---------
           D:1 |       0 |      11 |   0.0 |       0 |       7 |   0.0 |   491
               +---------+---------+-------+---------+---------+-------+---------
